APP
DETROIT (APP) TIGERS @ PRINCETON RAYS
07/01/2044
 
TOP OF THE 1ST
Detroit (APP) Tigers batting - Pitching for Princeton Rays : LHP Ryan Folks
Pitching: LHP Ryan Folks
Batting: LHB Bill Ford 0-0: Swinging Strike
0-1: Ball
1-1: Ball
2-1: Ball
3-1: Foul Ball, location: 2F
3-2: Base on Balls
Batting: RHB Brandon O'Malley 0-0: Ball
1-0: Called Strike
1-1: Ball
Bill Ford steals 2nd, throwing error, E2
Bill Ford to third
2-1: Fly out, F7 (Flyball, 78D, EV 101.2 MPH)
Runner from 3rd tags up, OUT at HOME! 7-2
Batting: RHB Jon Goldstein 0-0: Ball
1-0: Called Strike
1-1: Swinging Strike
1-2: Foul Ball, location: 2F
1-2: Strikes out swinging
Top of the 1st over - 0 runs, 0 hits, 1 error, 0 left on base; Detroit (APP) 0 - Princeton 0
BOTTOM OF THE 1ST
Princeton Rays batting - Pitching for Detroit (APP) Tigers : RHP Mike Santana
Pitching: RHP Mike Santana
Batting: RHB James Huddleston 0-0: Swinging Strike
0-1: Ball
1-1: Fly out, F9 (Flyball, 9, EV 93.8 MPH)
Batting: RHB Dan Marks 0-0: Ground out 5-3 (Groundball, 5, EV 102.5 MPH)
Batting: LHB Rocky Crowley 0-0: Ball
1-0: Ball
2-0: Ball
3-0: Base on Balls
Batting: RHB Wil Urban 0-0: Ball
1-0: Ball
2-0: Ball
3-0: Called Strike
3-1: Base on Balls
Rocky Crowley to second
Batting: LHB Josh Redfern 0-0: Ball
1-0: Called Strike
1-1: Swinging Strike
1-2: Strikes out looking
Bottom of the 1st over - 0 runs, 0 hits, 0 errors, 2 left on base; Detroit (APP) 0 - Princeton 0
TOP OF THE 2ND
Detroit (APP) Tigers batting - Pitching for Princeton Rays : LHP Ryan Folks
Batting: SHB Sean Foley 0-0: Ball
1-0: Foul Ball, location: 2F
1-1: Ball
2-1: Foul Ball, location: 2F
2-2: Strikes out swinging
Batting: RHB Mike Patterson 0-0: Ball
1-0: Swinging Strike
1-1: Ball
2-1: Swinging Strike
2-2: Strikes out swinging
Batting: RHB Mike Sebastian 0-0: Ground out 5-3 (Groundball, 5, EV 103.8 MPH)
Top of the 2nd over - 0 runs, 0 hits, 0 errors, 0 left on base; Detroit (APP) 0 - Princeton 0
BOTTOM OF THE 2ND
Princeton Rays batting - Pitching for Detroit (APP) Tigers : RHP Mike Santana
Batting: SHB Lou Kroneman 0-0: Ball
1-0: Called Strike
1-1: Ground out 4-3 (Groundball, 4, EV 80.6 MPH)
Batting: SHB Wayne Hattan 0-0: Ground out 4-3 (Groundball, 4, EV 83.8 MPH)
Batting: RHB Chris Thorson 0-0: Ball
1-0: Ball
2-0: SINGLE (Groundball, 56S, EV 65.0 MPH) (infield hit)
Batting: RHB Bazyli Andrysiak 0-0: Ball
Chris Thorson is caught stealing 2nd base 2-4
Bottom of the 2nd over - 0 runs, 1 hit, 0 errors, 0 left on base; Detroit (APP) 0 - Princeton 0
TOP OF THE 3RD
Detroit (APP) Tigers batting - Pitching for Princeton Rays : LHP Ryan Folks
Batting: LHB Tokugoro Adachi 0-0: Called Strike
0-1: Bunt missed!
0-2: Ball
1-2: Ball
2-2: Fly out, F4 (Flyball, 4MD, EV 91.2 MPH)
Batting: RHB Jamie Villagrana 0-0: Ball
1-0: Foul Ball, location: 2F
1-1: Swinging Strike
1-2: Strikes out swinging
Batting: RHB Cory Wilkins 0-0: Ground out 4-3 (Groundball, 4M, EV 100.6 MPH)
Top of the 3rd over - 0 runs, 0 hits, 0 errors, 0 left on base; Detroit (APP) 0 - Princeton 0
BOTTOM OF THE 3RD
Princeton Rays batting - Pitching for Detroit (APP) Tigers : RHP Mike Santana
Batting: RHB Bazyli Andrysiak 0-0: Called Strike
0-1: DOUBLE (Flyball, 89D, EV 100.6 MPH)
Batting: RHB James Huddleston 0-0: Ball
1-0: Swinging Strike
1-1: Ball
2-1: Ball
3-1: Base on Balls
Batting: RHB Dan Marks 0-0: Called Strike
0-1: Ball
1-1: Ball
2-1: Ball
3-1: Swinging Strike
3-2: Base on Balls
Bazyli Andrysiak to third
James Huddleston to second
Batting: LHB Rocky Crowley 0-0: Called Strike
0-1: Ball
1-1: Foul Ball, location: 2F
1-2: Ball
2-2: Ball
3-2: Fly out, F7 (Line Drive, 7, EV 90.0 MPH)
Batting: RHB Wil Urban 0-0: Ball
1-0: Ball
2-0: Called Strike
2-1: Ball
Wild Pitch!
Bazyli Andrysiak scores
James Huddleston to third
Dan Marks to second
3-1: Base on Balls
Batting: LHB Josh Redfern 0-0: Ball
1-0: Swinging Strike
1-1: Foul Ball, location: 2F
1-2: Foul Ball, location: 2F
1-2: Ball
2-2: Ball
3-2: Fly out, F8 (Line Drive, 8RD, EV 92.5 MPH)
Runner from 3rd tags up, SCORES, no throw by CF
Batting: SHB Lou Kroneman 0-0: Called Strike
0-1: Ground out 6-3 (Groundball, P, EV 85.0 MPH)
Bottom of the 3rd over - 2 runs, 1 hit, 0 errors, 2 left on base; Detroit (APP) 0 - Princeton 2
TOP OF THE 4TH
Detroit (APP) Tigers batting - Pitching for Princeton Rays : LHP Ryan Folks
Batting: LHB Bill Ford 0-0: Ball
1-0: Ball
2-0: Called Strike
2-1: Ball
3-1: Base on Balls
Batting: RHB Brandon O'Malley 0-0: Called Strike
0-1: Ball
1-1: Foul Ball, location: 2F
1-2: Ball
2-2: Foul Ball, location: 2F
2-2: Ball
3-2: Base on Balls
Bill Ford to second
Batting: RHB Jon Goldstein 0-0: Ball
Bill Ford steals 3rd base (no throw)
1-0: Called Strike
1-1: Fly out, F8 (Flyball, 89D, EV 78.1 MPH)
Runner from 3rd tags up, SCORES, no throw by CF
Batting: SHB Sean Foley 0-0: Foul Ball, location: 2F
0-1: Ball
1-1: Called Strike
1-2: Ball
2-2: SINGLE (Flyball, 5D, EV 89.4 MPH)
Brandon O'Malley to second
Batting: RHB Mike Patterson 0-0: Called Strike
0-1: Grounds into double play, 6-4-3 (Groundball, 6, EV 105.6 MPH)
Top of the 4th over - 1 run, 1 hit, 0 errors, 1 left on base; Detroit (APP) 1 - Princeton 2
BOTTOM OF THE 4TH
Princeton Rays batting - Pitching for Detroit (APP) Tigers : RHP Mike Santana
Batting: SHB Wayne Hattan 0-0: Ball
1-0: Foul Ball, location: 2F
1-1: Ball
2-1: Called Strike
2-2: SINGLE (Line Drive, 89S, EV 95.6 MPH)
Batting: RHB Chris Thorson 0-0: Called Strike
0-1: Swinging Strike
0-2: Foul Ball, location: 2F
0-2: Foul Ball, location: 2F
0-2: Ball
1-2: Ball
2-2: Ball
3-2: Fly out, F7 (Line Drive, 7, EV 91.2 MPH)
Batting: RHB Bazyli Andrysiak 0-0: Foul Ball, location: 2F
0-1: Ground out 6-3 (Groundball, 56, EV 96.9 MPH)
Wayne Hattan to second
Batting: RHB James Huddleston 0-0: Foul Ball, location: 2F
0-1: Ball
1-1: Ball
2-1: Ball
3-1: Called Strike
3-2: Foul Ball, location: 2F
3-2: Foul Ball, location: 2F
3-2: DOUBLE (Line Drive, 9LD, EV 102.5 MPH)
Wayne Hattan scores
Batting: RHB Dan Marks 0-0: Foul Ball, location: 2F
0-1: Foul Ball, location: 2F
0-2: Ball
1-2: Foul Ball, location: 2F
1-2: SINGLE (Line Drive, 9S, EV 100.6 MPH)
James Huddleston to third
Batting: LHB Rocky Crowley 0-0: Called Strike
0-1: Foul Ball, location: 2F
0-2: Fly out, F7 (Flyball, 7S, EV 97.5 MPH)
Bottom of the 4th over - 1 run, 3 hits, 0 errors, 2 left on base; Detroit (APP) 1 - Princeton 3
TOP OF THE 5TH
Detroit (APP) Tigers batting - Pitching for Princeton Rays : LHP Ryan Folks
Batting: RHB Mike Sebastian 0-0: Fly out, F4 (Popup, 34S, EV 87.5 MPH)
Batting: LHB Tokugoro Adachi 0-0: Ball
1-0: Foul Ball, location: 2F
1-1: Fly out, F8 (Flyball, 89XD, EV 90.6 MPH)
Batting: RHB Jamie Villagrana 0-0: Ball
1-0: Called Strike
1-1: Ball
2-1: Swinging Strike
2-2: Strikes out swinging
Top of the 5th over - 0 runs, 0 hits, 0 errors, 0 left on base; Detroit (APP) 1 - Princeton 3
BOTTOM OF THE 5TH
Princeton Rays batting - Pitching for Detroit (APP) Tigers : RHP Mike Santana
Batting: RHB Wil Urban 0-0: Foul Ball, location: 2F
0-1: Ball
1-1: SOLO HOME RUN (Flyball, 7LD, EV 92.5 MPH), Distance : 341 ft
Batting: LHB Josh Redfern 0-0: Called Strike
0-1: Called Strike
0-2: Ball
1-2: Foul Ball, location: 2F
1-2: Single, Error in OF, E7, batter to second base (Groundball, 5D, EV 101.2 MPH)
Batting: SHB Lou Kroneman 0-0: Ball
1-0: Ball
2-0: Called Strike
2-1: Ball
3-1: Called Strike
3-2: Base on Balls
Pitching: RHP Adam Fisher
Batting: SHB Wayne Hattan 0-0: Called Strike
0-1: Ball
1-1: Fly out, F6 (Popup, 6D, EV 47.5 MPH)
Batting: RHB Chris Thorson 0-0: Ball
1-0: TRIPLE (Line Drive, 8RXD, EV 108.1 MPH)
Josh Redfern scores
Lou Kroneman scores
Batting: RHB Bazyli Andrysiak 0-0: TRIPLE (Groundball, 5L, EV 102.5 MPH)
Chris Thorson scores
Batting: RHB James Huddleston 0-0: Ball
1-0: Ground out 6-3 (Groundball, 6, EV 81.2 MPH)
Bazyli Andrysiak scores
Batting: RHB Dan Marks 0-0: DOUBLE (Line Drive, 7LS, EV 110.0 MPH)
Batting: LHB Rocky Crowley 0-0: Called Strike
0-1: Ball
1-1: Ball
2-1: Ball
3-1: Base on Balls
Batting: RHB Wil Urban 0-0: Called Strike
0-1: Ball
1-1: DOUBLE (Line Drive, 7LM, EV 97.5 MPH)
Dan Marks scores
Rocky Crowley to third
Batting: LHB Josh Redfern 0-0: Ball
1-0: Ball
2-0: Ball
3-0: Base on Balls
Batting: SHB Lou Kroneman 0-0: Called Strike
0-1: DOUBLE (Line Drive, 9LS, EV 110.0 MPH)
Rocky Crowley scores
Wil Urban scores
Josh Redfern to third
Runner from 3rd tries for Home, throw by RF and OUT! 9-4-2
Bottom of the 5th over - 8 runs, 7 hits, 1 error, 1 left on base; Detroit (APP) 1 - Princeton 11
TOP OF THE 6TH
Detroit (APP) Tigers batting - Pitching for Princeton Rays : LHP Ryan Folks
Batting: RHB Cory Wilkins 0-0: Called Strike
0-1: Ball
1-1: Ball
2-1: SINGLE (Groundball, 4MD, EV 103.8 MPH)
Batting: LHB Bill Ford 0-0: Ball
1-0: Ball
Wild Pitch!
Cory Wilkins to second
2-0: Fly out, F7 (Flyball, 7, EV 83.8 MPH)
Batting: RHB Brandon O'Malley 0-0: Called Strike
0-1: Ball
1-1: Called Strike
1-2: Ball
Wild Pitch!
Cory Wilkins to third
2-2: Ball
3-2: Foul Ball, location: 2F
3-2: Strikes out swinging, 2-3 out at first.
Batting: RHB Jon Goldstein 0-0: Ball
1-0: Ball
2-0: Called Strike
2-1: Ball
3-1: Called Strike
3-2: Strikes out swinging
Top of the 6th over - 0 runs, 1 hit, 0 errors, 1 left on base; Detroit (APP) 1 - Princeton 11
BOTTOM OF THE 6TH
Princeton Rays batting - Pitching for Detroit (APP) Tigers : RHP Adam Fisher
Pitching: RHP Luis Brown
Batting: SHB Wayne Hattan 0-0: SINGLE (Groundball, 4MD, EV 101.9 MPH)
Batting: RHB Chris Thorson 0-0: Called Strike
0-1: 2-RUN HOME RUN (Flyball, 78XD, EV 103.8 MPH), Distance : 423 ft
Batting: RHB Bazyli Andrysiak 0-0: Ball
1-0: DOUBLE (Line Drive, 78XD, EV 100.6 MPH)
Batting: RHB James Huddleston 0-0: Ball
1-0: Ball
Wild Pitch!
Bazyli Andrysiak to third
2-0: Called Strike
2-1: SINGLE (Groundball, 56D, EV 107.5 MPH)
Bazyli Andrysiak scores
Batting: RHB Dan Marks 0-0: Called Strike
0-1: Ball
1-1: Fielders Choice at 2nd, 3-6 (Groundball, 13, EV 79.4 MPH)
Batting: LHB Rocky Crowley 0-0: Fielders Choice at 2nd, 6-4 (Groundball, 6, EV 109.4 MPH)
Batting: RHB Wil Urban 0-0: Swinging Strike
0-1: Foul Ball, location: 2F
0-2: Foul Ball, location: 2F
0-2: Strikes out swinging
Bottom of the 6th over - 3 runs, 4 hits, 0 errors, 1 left on base; Detroit (APP) 1 - Princeton 14
TOP OF THE 7TH
Detroit (APP) Tigers batting - Pitching for Princeton Rays : LHP Ryan Folks
Batting: SHB Sean Foley 0-0: Ball
1-0: Ball
2-0: Ball
3-0: Called Strike
3-1: Called Strike
3-2: Base on Balls
Pitching: RHP Cody Wilharm
Batting: RHB Mike Patterson 0-0: Called Strike
Sean Foley steals 2nd base
0-1: Ball
1-1: Ball
2-1: Called Strike
2-2: 2-RUN HOME RUN (Flyball, 78XD, EV 98.1 MPH), Distance : 397 ft
Batting: RHB Mike Sebastian 0-0: Ball
1-0: Foul Ball, location: 2F
1-1: Called Strike
1-2: DOUBLE (Groundball, 5L, EV 103.8 MPH)
Batting: LHB Tokugoro Adachi 0-0: Ball
1-0: Called Strike
1-1: SINGLE (Groundball, 3D, EV 103.1 MPH)
Mike Sebastian to third
Runner from 3rd tries for Home, throw by RF and OUT! 9-2
Tokugoro Adachi to second
Batting: RHB Jamie Villagrana 0-0: Called Strike
0-1: Ground out 6-3 (Groundball, 6S, EV 71.2 MPH)
Tokugoro Adachi to third
Batting: RHB Cory Wilkins 0-0: Ground out 6-3 (Groundball, 6, EV 82.5 MPH)
Top of the 7th over - 2 runs, 3 hits, 0 errors, 1 left on base; Detroit (APP) 3 - Princeton 14
BOTTOM OF THE 7TH
Princeton Rays batting - Pitching for Detroit (APP) Tigers : RHP Luis Brown
Pinch Hitting: RHB Jeremy Whitehurst 0-0: Ball
1-0: DOUBLE (Line Drive, 89XD, EV 102.5 MPH)
Pinch Hitting: RHB Jim Lind 0-0: Ball
1-0: Ground out 6-3 (Groundball, 6, EV 106.9 MPH)
Batting: SHB Wayne Hattan 0-0: Ball
1-0: Foul Ball, location: 2F
1-1: Ball
2-1: Foul Ball, location: 2F
2-2: Strikes out looking
Batting: RHB Chris Thorson 0-0: Ball
1-0: Called Strike
1-1: Ball
2-1: Swinging Strike
2-2: Strikes out swinging
Bottom of the 7th over - 0 runs, 1 hit, 0 errors, 1 left on base; Detroit (APP) 3 - Princeton 14
TOP OF THE 8TH
Detroit (APP) Tigers batting - Pitching for Princeton Rays : RHP Cody Wilharm
Now at SS: Jim Erdody
Now in CF: Berthold Frey
Now in RF: Rocky Crowley
Batting: LHB Bill Ford 0-0: Ball
1-0: DOUBLE (Line Drive, 78D, EV 108.8 MPH)
Batting: RHB Brandon O'Malley 0-0: Ball
1-0: Foul Ball, location: 2F
1-1: Swinging Strike
1-2: Ground out 6-3 (Groundball, 6, EV 107.5 MPH)
Batting: RHB Jon Goldstein 0-0: Ball
1-0: Foul Ball, location: 2F
1-1: Ball
2-1: Swinging Strike
2-2: Foul Ball, location: 2F
2-2: Strikes out swinging
Batting: SHB Sean Foley 0-0: Ball
1-0: Ball
2-0: Called Strike
2-1: Swinging Strike
2-2: Strikes out swinging
Top of the 8th over - 0 runs, 1 hit, 0 errors, 1 left on base; Detroit (APP) 3 - Princeton 14
BOTTOM OF THE 8TH
Princeton Rays batting - Pitching for Detroit (APP) Tigers : RHP Luis Brown
Pitching: RHP Kyle Moore
Batting: RHB Bazyli Andrysiak 0-0: Ball
1-0: Ball
2-0: DOUBLE (Line Drive, 89XD, EV 110.6 MPH)
Batting: RHB James Huddleston 0-0: Ball
1-0: Called Strike
1-1: Ball
2-1: Ball
3-1: Foul Ball, location: 2F
3-2: Single, Error in OF, E9, batter to second base (Line Drive, 89S, EV 88.1 MPH)
Bazyli Andrysiak scores
Batting: RHB Dan Marks 0-0: Ball
Wild Pitch!
James Huddleston to third
1-0: Foul Ball, location: 2F
1-1: Ball
2-1: Ball
3-1: Foul Ball, location: 2F
3-2: Foul Ball, location: 2F
3-2: Ground out 6-3 (Groundball, 6, EV 88.8 MPH)
James Huddleston scores
Batting: LHB Rocky Crowley 0-0: Ball
1-0: Called Strike
1-1: Called Strike
1-2: Strikes out looking
Batting: RHB Wil Urban 0-0: SOLO HOME RUN (Flyball, 9D, EV 99.4 MPH), Distance : 390 ft
Batting: SHB Berthold Frey 0-0: Foul Ball, location: 2F
0-1: Called Strike
0-2: Ball
1-2: Ground out U3 (Groundball, 34, EV 86.2 MPH)
Bottom of the 8th over - 3 runs, 3 hits, 1 error, 0 left on base; Detroit (APP) 3 - Princeton 17
TOP OF THE 9TH
Detroit (APP) Tigers batting - Pitching for Princeton Rays : RHP Cody Wilharm
Batting: RHB Mike Patterson 0-0: Called Strike
0-1: Called Strike
0-2: Foul Ball, location: 2F
0-2: Hit by Pitch
Batting: RHB Mike Sebastian 0-0: Foul Ball, location: 2F
0-1: Ball
1-1: Ball
2-1: Called Strike
2-2: Foul Ball, location: 2F
2-2: Fly out, F7 (Flyball, 7D, EV 106.9 MPH)
Batting: LHB Tokugoro Adachi 0-0: Ball
1-0: Foul Ball, location: 2F
1-1: Hit by Pitch
Mike Patterson to second
Batting: RHB Jamie Villagrana 0-0: Called Strike
0-1: Ball
1-1: Swinging Strike
1-2: Strikes out swinging
Batting: RHB Cory Wilkins 0-0: Called Strike
0-1: Ball
1-1: Fielders Choice at 2nd, 6-4 (Groundball, 6, EV 110.6 MPH)
Top of the 9th over - 0 runs, 0 hits, 0 errors, 2 left on base; Detroit (APP) 3 - Princeton 17
Thursday, March 31st , 2022 - OOTP Baseball 22.12 Build 89